 Dungeon Crawl Stone Soup version 0.30-a0-359-gd0147acb1a (webtiles) character file.

Game seed: 10444011802983254389

16774 Ihaveafatcat the Severer (level 12, -6/108 HPs)
             Began as a Hill Orc Fighter on Nov 10, 2022.
             Was an Initiate of Gozag.
             Killed from afar by a guardian serpent (11 damage)
             ... with a bolt of poison
             ... on level 2 of the Abyss on Nov 11, 2022.
             The game lasted 01:00:27 (18085 turns).

Ihaveafatcat the Severer (Hill Orc Fighter)        Turns: 18085, Time: 01:00:36

Health: -6/108     AC: 19    Str: 24    XL:     12   Next: 41%
Magic:  12/12      EV:  7    Int:  8    God:    Gozag
Gold:   1330       SH:  5    Dex: 10    Spells: 11/11 levels left

rFire   . . .      SeeInvis .    a - +2 war axe
rCold   . . .      Faith    .    c - +0 buckler
rNeg    . . .      Spirit   .    u - +2 plate armour
rPois   .          Reflect  .    m - +2 helmet
rElec   .          Harm     .    (no cloak)
rCorr   .          Rampage  .    q - +1 pair of gloves
Will    +....                    w - +0 pair of boots of Indomitability {Fly Will+}
Stlth   ..........               f - amulet of regeneration
HPRegen 1.18/turn                (no ring)
MPRegen 0.13/turn                (no ring)

@: lethally poisoned (-6 -> -20), about to teleport, flying, unable to drink
A: deformed body, inability to drink after injury 1
a: Renounce Religion, Potion Petition, Call Merchant, Bribe Branch


You were on level 2 of the Abyss.
You worshipped Gozag.
Gozag was most pleased with you.
You visited 2 branches of the dungeon, and saw 13 of its levels.
You visited the Abyss 1 time.

You collected 2368 gold pieces.
You spent 249 gold pieces at shops.
You paid 789 gold pieces to Gozag.

Inventory:

Hand Weapons
 a - a +2 war axe (weapon)
 l - the +11 bardiche of Gavo {freeze, Contam rC+ Int+4 Dex+4}
   (You found it on level 10 of the Dungeon)

   It freezes those it strikes, dealing additional cold damage.
   It can also slow down cold-blooded creatures.
   Int:       It affects your intelligence (+4).
   Dex:       It affects your dexterity (+4).
   rC:        It protects you from cold.
   Contam:    It causes magical contamination when unequipped.
 n - the +4 morningstar of the Shrinking Seeker {freeze, rElec Will+}
   (You found it on level 10 of the Dungeon)

   It freezes those it strikes, dealing additional cold damage.
   It can also slow down cold-blooded creatures.
   rElec:     It insulates you from electricity.
   Will:      It increases your willpower.
 p - a +4 vorpal scimitar
Armour
 c - a +0 buckler (worn)
 m - a +2 helmet (worn)
 q - a +1 pair of gloves (worn)
 u - a +2 plate armour (worn)
 w - the +0 pair of boots of Indomitability (worn) {Fly Will+}
   (You bought it in a shop on level 8 of the Dungeon)

   Fly:       It grants you flight.
   Will:      It increases your willpower.
Jewellery
 f - an amulet of regeneration (around neck)
 s - a ring of ice
 y - a ring of protection from cold
Wands
 d - a wand of roots (13)
 v - a wand of digging (14)
 x - a wand of polymorph (12)
Scrolls
 b - a scroll of blinking
 k - 2 scrolls of fear
Potions
 h - a potion of magic {unknown}
 i - 2 potions of brilliance
 j - 2 potions of berserk rage
 o - a potion of cancellation {unknown}
 r - 2 potions of haste
 t - a potion of curing
 z - a potion of flight
Miscellaneous
 A - a condenser vane
 C - a tin of tremorstones (2/2)


   Skills:
 + Level 10.8 Fighting
 * Level 16.6 Axes
 * Level 3.9 Throwing
 + Level 10.8 Armour
 + Level 1.8 Dodging
 + Level 1.1 Stealth
 + Level 7.0 Shields
 * Level 3.6 Evocations


You had 11 spell levels left.
You didn't know any spells.
Your spell library contained the following spells:

 Spells                   Type           Power      Damage    Failure   Level
 Freeze                   Ice            0%         1d3       99%         1
 Ensorcelled Hibernation  Hex/Ice        0%         N/A       100%        2
 Passwall                 Tmut/Erth      0%         N/A       100%        2
 Frozen Ramparts          Ice            0%         1d1       100%        3
 Hailstorm                Conj/Ice       0%         3d3       100%        3
 Ignite Poison            Fire/Tmut/Pois 0%         N/A       100%        3
 Swiftness                Air            0%         N/A       100%        3
 Olgreb's Toxic Radiance  Pois           0%         N/A       100%        4
 Passage of Golubria      Tloc           0%         N/A       100%        4
 Sticky Flame             Conj/Fire      0%         2d3       100%        4
 Silence                  Hex/Air        0%         N/A       100%        5
 Ozocubu's Refrigeration  Ice            0%         4d7       100%        7
 Ignition                 Fire           0%         3d3       100%        8
 Lehudib's Crystal Spear  Conj/Erth      0%         10d2      100%        8


Dungeon Overview and Level Annotations

Branches:
Dungeon (12/15)            Temple (1/1) D:5            Lair (0/5) D:11
    Orc (0/2) D:9

Altars:
Ashenzari
Cheibriados
Dithmenos
Elyvilon
Fedhas
Gozag
Hepliaklqana
Kikubaaqudgha
Makhleb
Nemelex Xobeh
Okawaru
Qazlal
Ru
Sif Muna
Trog
Uskayaw
Vehumet
Wu Jian
Xom
Yredelemnul
Zin
The Shining One

Shops:
D:1 =   D:7 [   D:8 [[

Annotations:
D:8 2 transporters
D:12 Sonja


Innate Abilities, Weirdness & Mutations

Armour fits poorly on your strangely shaped body.
You occasionally lose the ability to drink potions when taking damage.


Message History

You completely miss the thrashing horror.
The thrashing horror is heavily damaged.
You hit the thrashing horror. The thrashing horror tramples you.
You hold your ground!
The thrashing horror barely misses you.
The thrashing horror tramples you but does no damage. x2
The thrashing horror tramples you.
You hold your ground!
The thrashing horror tramples you but does no damage.
The thrashing horror completely misses you.
The thrashing horror barely misses you.
You slash the thrashing horror!
The thrashing horror is severely damaged.
You hit the thrashing horror but do no damage.
You block the thrashing horror's attack. x2
The thrashing horror tramples you.
You are shoved backwards!
You are too injured to fight recklessly!
As you read the scroll of teleportation, it crumbles to dust.
You feel strangely unstable.
You feel the power of the Abyss delaying your translocation!
The thrashing horror tramples you!
You hold your ground!
The thrashing horror tramples you.
You are shoved backwards!
The thrashing horror barely misses you. The thrashing horror tramples you.
You are shoved backwards!
The guardian serpent casts a spell at you.
The bolt of poison hits the thrashing horror.
The thrashing horror completely resists.
The bolt of poison hits you!!
You are poisoned.
You feel threatened and lose the ability to drink potions!
* * * LOW HITPOINT WARNING * * *
You feel very sick. The thrashing horror tramples you.
* * * LOW HITPOINT WARNING * * *
You are shoved backwards!
You feel very sick.
The guardian serpent casts a spell at you.
The bolt of poison hits the starcursed mass.
The starcursed mass completely resists.
The bolt of poison hits you!
You are lethally poisoned!
You die...
Your body crumbles into a pile of gold.

.# ##.## #.
.###...###.
.#.....#.....#..
.X.... ........ #....
.....# . #... ...# #.
##X## ##.## ...
##...###.@.##
....#... .#X....#..
..........X...X......
. ..#....S#.....#....
. ##...###...## ...
##.## ##.## .# #...
...# . #..... ....#
........ ......


You could see a starcursed mass, 2 thrashing horrors and a guardian serpent.

Vanquished Creatures
  4 two-headed ogres
  A boulder beetle (D:11)
  A thrashing horror (Abyss:2)
  An orc knight (D:10)
  A cyclops (D:11)
  2 manticores
  An ugly thing (D:10)
  A gargoyle (D:11)
  A kobold demonologist (D:9)
  A komodo dragon (D:10)
  Prince Ribbit (D:6)
  4 trolls
  2 polar bears (D:10)
  A slime creature (D:10)
  2 centaur simulacra
  A vampire (D:12)
  Sigmund (D:6)
  A wyvern (D:9)
  3 hogs (D:8)
  3 steam dragons
  14 yaks
  A human (D:8)
  2 vampire mosquitoes (D:12)
  A neqoxec (Abyss:2)
  Menkaure (D:6)
  3 wargs (D:11)
  An acid dragon (D:10)
  2 water moccasins
  Duvessa (D:6)
  4 orc warriors
  A black bear (D:5)
  A sky beast (D:8)
  An ice beast (D:8)
  2 ogres
  7 centaurs
  A phantom (D:6)
  3 kobold brigands
  A necrophage (D:7)
  4 bullfrogs
  3 scorpions
  3 wights (D:7)
  Dowan (D:6)
  12 killer bees
  A howler monkey (D:9)
  A quasit (D:7)
  A hound (D:6)
  A jelly (D:6)
  A gnoll bouda (D:7)
  7 orc priests
  3 iguanas
  10 orc wizards
  Robin (D:3)
  3 gnolls (D:7)
  7 adders
  8 shadow imps
  4 white imps (D:7)
  2 ufetubi
  4 worms
  3 dart slugs
  39 orcs
  6 endoplasms
  4 giant cockroaches
  11 goblins
  6 hobgoblins
  3 jackals (D:3)
  2 quokkas
  8 ball pythons
  2 bats
  2 frilled lizards
  4 kobolds
  3 rats
  A bush (D:10)
251 creatures vanquished.

Vanquished Creatures (others)
  A centaur (D:11)
  4 demonic plants (D:7)
  A plant (D:5)
6 creatures vanquished.

Grand Total: 257 creatures vanquished

Notes
Turn   | Place    | Note
-------+----------+-------------------------------------------
     0 | D:1      | Ihaveafatcat the Hill Orc Fighter began the quest for the
                  | Orb.
     0 | D:1      | Reached XP level 1. HP: 19/19 MP: 1/1
    42 | D:1      | Found Wehiziss's Jewellery Shoppe.
   341 | D:1      | Reached XP level 2. HP: 25/27 MP: 2/2
  1043 | D:2      | Found a faded altar of an unknown god.
  1072 | D:2      | You fall into a shaft and drop 2 floors!
  1165 | D:3      | Noticed Robin
  1170 | D:3      | Reached skill level 3 in Axes
  1171 | D:3      | Reached XP level 3. HP: 24/33 MP: 3/3
  1177 | D:3      | Killed Robin
  1658 | D:2      | Reached XP level 4. HP: 26/41 MP: 4/4
  1946 | D:2      | Reached skill level 4 in Axes
  2484 | D:3      | Reached XP level 5. HP: 34/47 MP: 5/5
  4382 | D:5      | Entered Level 5 of the Dungeon
  4382 | D:5      | Noticed a black bear
  4398 | D:5      | Killed a black bear
  4399 | D:5      | Reached skill level 5 in Fighting
  4399 | D:5      | Reached skill level 5 in Axes
  4399 | D:5      | Reached skill level 1 in Dodging
  4399 | D:5      | Reached XP level 6. HP: 35/56 MP: 6/6
  4708 | D:5      | Identified the +2 leather armour of Juuf {rPois Int-2
                  | Slay+3}
  5169 | D:5      | Reached skill level 6 in Axes
  5448 | D:5      | Found a staircase to the Ecumenical Temple.
  5876 | D:5      | Reached XP level 7. HP: 60/61 MP: 7/7
  5890 | Temple   | Entered the Ecumenical Temple
  5927 | Temple   | Became a worshipper of Gozag Ym Sagoz the Greedy
  6020 | D:6      | Reached skill level 5 in Armour
  6156 | D:6      | Reached skill level 7 in Axes
  6278 | D:6      | Noticed Prince Ribbit
  6311 | D:6      | Reached XP level 8. HP: 37/70 MP: 8/8
  6370 | D:6      | Killed Prince Ribbit
  6371 | D:6      | Reached skill level 8 in Axes
  6371 | D:6      | Reached skill level 5 in Shields
  6703 | D:6      | Noticed Sigmund
  6713 | D:6      | Killed Sigmund
  6941 | D:6      | Noticed Menkaure
  6946 | D:6      | Noticed Duvessa
  6947 | D:6      | Killed Menkaure
  6948 | D:6      | Reached skill level 9 in Axes
  6948 | D:6      | Noticed Dowan
  6957 | D:6      | Killed Duvessa
  6966 | D:6      | Killed Dowan
  6967 | D:6      | Reached XP level 9. HP: 73/78 MP: 9/9
  7052 | D:6      | Found a snail-covered altar of Cheibriados.
  7118 | D:7      | Found Jeant's Armour Shop.
  7166 | D:7      | Found a stormy altar of Qazlal.
  7221 | D:7      | Reached skill level 10 in Axes
  7340 | D:7      | Found a sparkling altar of Nemelex Xobeh.
  7618 | D:7      | Reached skill level 11 in Axes
  8190 | D:8      | Noticed a two-headed ogre
  8209 | D:8      | HP: 3/80 [two-headed ogre/+0 giant club (14)]
  8212 | D:8      | Killed a two-headed ogre
  8213 | D:8      | Reached skill level 12 in Axes
  8213 | D:8      | Reached XP level 10. HP: 4/88 MP: 10/10
  9346 | D:8      | Noticed a white ugly thing
  9349 | D:8      | Noticed a cyclops
  9351 | D:8      | Found a transporter.
  9363 | D:8      | Noticed a cyclops
  9612 | D:8      | Reached skill level 13 in Axes
  9864 | D:8      | Found Boulyo's Armour Shoppe.
 10288 | D:8      | Bought the +0 pair of boots of Indomitability {Fly Will+}
                  | for 249 gold pieces
 10371 | D:8      | Found a transporter.
 10389 | D:8      | Found a shimmering altar of Xom.
 10391 | D:8      | Found a shimmering altar of Xom.
 10391 | D:8      | Found a shimmering altar of Xom.
 10394 | D:8      | Found a shimmering altar of Xom.
 10758 | D:9      | Noticed a two-headed ogre
 10768 | D:9      | Killed a two-headed ogre
 10826 | D:9      | Found a staircase to the Orcish Mines.
 11249 | D:9      | Reached skill level 14 in Axes
 11410 | D:9      | Noticed a manticore
 11420 | D:9      | Killed a manticore
 11623 | D:9      | Upgraded the game from 0.30-a0-358-g0d69a1922f to
                  | 0.30-a0-359-gd0147acb1a
 11628 | D:9      | Found a hide-covered altar of Uskayaw.
 11764 | D:9      | Noticed a two-headed ogre
 11773 | D:9      | Killed a two-headed ogre
 11774 | D:9      | Reached skill level 1 in Throwing
 11774 | D:9      | Reached XP level 11. HP: 46/97 MP: 11/11
 12146 | D:9      | Reached skill level 1 in Evocations
 12298 | D:9      | Noticed a two-headed ogre
 12308 | D:9      | Killed a two-headed ogre
 12309 | D:9      | Reached skill level 15 in Axes
 12575 | D:10     | Entered Level 10 of the Dungeon
 12586 | D:10     | Found a bloodstained altar of Trog.
 13332 | D:10     | Noticed a green ugly thing
 13357 | D:10     | Killed a green ugly thing
 13365 | D:10     | Reached skill level 10 in Armour
 13513 | D:10     | Noticed an orc knight
 13529 | D:10     | Killed an orc knight
 13530 | D:10     | Reached skill level 10 in Fighting
 13797 | D:10     | Identified the +11 bardiche of Gavo {freeze, Contam rC+
                  | Int+4 Dex+4}
 13800 | D:10     | Identified the +4 morningstar of the Shrinking Seeker
                  | {freeze, rElec Will+}
 14361 | D:11     | Found a gate leading to a gauntlet.
 14418 | D:11     | Reached skill level 1 in Stealth
 14534 | D:11     | Noticed a boulder beetle
 14573 | D:11     | Killed a boulder beetle
 14898 | D:11     | Found a staircase to the Lair.
 14916 | D:11     | Reached XP level 12. HP: 51/106 MP: 12/12
 14922 | D:11     | Reached skill level 16 in Axes
 16842 | D:12     | HP: 4/108 [something (13)]
 16843 | D:12     | Noticed a boulder beetle
 17704 | D:12     | Noticed Sonja
 17709 | Abyss:2  | Cast into level 2 of the Abyss (Sonja)
 17796 | Abyss:2  | Noticed a thrashing horror
 17815 | Abyss:2  | HP: 1/108 [thrashing horror (19)]
 17817 | Abyss:2  | Killed a thrashing horror
 17910 | Abyss:2  | Gained mutation: Armour fits poorly on your strangely
                  | shaped body. [a neqoxec]
 17911 | Abyss:2  | Gained mutation: You occasionally lose the ability to drink
                  | potions when taking damage. [a neqoxec]
 18026 | Abyss:2  | Found a corrupted altar of Lugonu.
 18062 | Abyss:2  | Noticed a thrashing horror
 18066 | Abyss:2  | Noticed a thrashing horror
 18074 | Abyss:2  | Noticed a starcursed mass
 18085 | Abyss:2  | HP: 5/108 [poisoned by a guardian serpent (bolt of poison)]
 18085 | Abyss:2  | Killed from afar by a guardian serpent

Illustrated notes

Levels and vault maps discovered:
D:1:      erik_arrival_triangle_huge, layout_loops_ring, serial_shops, shop
D:2:      layout_loops_ring, hellmonk_ecumenical_altar_run_dry
D:3:      layout_loops_ring, uniq_robin
D:4:      layout_loops_ring
D:5:      layout_layer_cave, minmay_temple_entry_gardened_gates
D:6:      layout_basic, slow_altar_2, uniq_prince_ribbit1, uniq_menkaure,
          uniq_duvessa, uniq_sigmund
D:7:      layout_basic, grunt_qazlal_sundering, nemelex_diamond_rough_becter,
          serial_demonic, serial_demonic_b, serial_demonic_d, serial_demonic_e,
          serial_demonic_a, serial_shops, nicolae_shop_crystal,
          amcnicky_mini_rare_corridor_liquid, dk_rats_in_the_wall
D:8:      gammafunk_the_bubble [the_bubble_gammafunk_grid], layout_cave_pools,
          xom_shifter_show, grunt_ministairs_14, nicolae_inconvenience_store,
          grunt_livestock, grunt_tough_drop
D:9:      layout_basic, mainiacjoe_overflow_small_starburst, hiddenorc1_lemuel
D:10:     layout_grid_maze, trog_ov_bears_minmay, minmay_diamond_spiral
D:11:     layout_grid_maze, erik_lair_orcish_takeover, gauntlet_entry_generic
D:12:     layout_loops_cross, roderic_cross_of_infinity, uniq_sonja
Temple:   lightli_temple_of_artemis
Abyss:2:  base: D:2, bh_abyss_exit_grid, base: D:12, minivault_27

Skill      XL: |  1  2  3  4  5  6  7  8  9 10 11 12 |
---------------+-------------------------------------+-----
Fighting       | 4 5 6 8 9 10 | 10.8
Axes           | 3 4 5 6 7 9 12 14 15 16 | 16.6
Armour         | 4 6 7 9 10 | 10.8
Dodging        | 1 |  1.8
Shields        | 4 5 6 7 |  7.0
Throwing       | 1 3 |  3.9
Evocations     | 2 3 |  3.6
Stealth        | 1 |  1.1

Action                   |  1- 3 |  4- 6 |  7- 9 | 10-12 || total
-------------------------+-------+-------+-------+-------++-------
Melee: War axe           |    86 |   138 |   235 |   590 ||  1049
Invok: Call Merchant     |       |       |       |     1 ||     1
  Use: Potion            |     1 |       |     4 |     6 ||    11
       Scroll            |       |    10 |       |    22 ||    32
 Stab: Distracted        |       |       |       |     4 ||     4
Armor: Scale mail        |    60 |    59 |       |       ||   119
       Plate armour      |       |    35 |   196 |   516 ||   747
Dodge: Dodged            |    35 |    67 |    87 |   212 ||   401
Block: Buckler           |    24 |    27 |    45 |   170 ||   266

Table legend: (Time is in decaauts)
 A = Elapsed time spent in this place.
 B = Non-inter-level travel time spent in this place.
 C = Inter-level travel time spent in this place.
 D = Time resting spent in this place.
 E = Time spent auto-exploring this place.
 F = Levels seen in this place.
 G = Mean time per level.
                   A        B        C        D        E       F      G
               +--------+--------+--------+--------+--------+-----+--------+
         Total |  18068 |  17637 |    431 |   6152 |   6207 |  14 | 1290.6 |
       Dungeon |  17640 |  17209 |    431 |   5931 |   6205 |  12 | 1470.0 |
        Temple |     47 |     47 |      0 |      0 |      2 |   1 |   47.0 |
         Abyss |    380 |    380 |      0 |    221 |      0 |   1 |  380.0 |
               +--------+--------+--------+--------+--------+-----+--------+

Top non-repeatable levels by time:
    D:11: 2305 daAuts
     D:9: 1890 daAuts
     D:8: 1798 daAuts
    D:10: 1759 daAuts
     D:7: 1731 daAuts
     D:3: 1611 daAuts
     D:5: 1595 daAuts
     D:1: 1277 daAuts
     D:6: 1118 daAuts
    D:12: 988 daAuts
     D:4: 806 daAuts
     D:2: 756 daAuts
 Abyss:2: 380 daAuts
  Temple: 47 daAuts
